 Dungeon Crawl Stone Soup version 0.30-a0-1008-g30c9307041 (webtiles) character file.

Game seed: 3686838058833474398

39 Ihaveafatcat the Trooper (level 3, -1/33 HPs)
             Began as a Hill Orc Fighter on Apr 5, 2023.
             Succumbed to Sigmund's poison
             ... on level 2 of the Dungeon.
             The game lasted 00:01:52 (886 turns).

Ihaveafatcat the Trooper (Hill Orc Fighter)          Turns: 886, Time: 00:01:53

Health: -1/33      AC:  7    Str: 20    XL:     3   Next: 45%
Magic:  3/3        EV:  9    Int:  8    God:
Gold:   39         SH:  0    Dex: 10    Spells: 2/2 levels left

rFire   . . .      SeeInvis .    a - +0 war axe
rCold   . . .      Faith    .    c - +0 buckler
rNeg    . . .      Spirit   .    b - +0 scale mail
rPois   .          Reflect  .    (no helmet)
rElec   .          Rampage  .    (no cloak)
rCorr   .                        (no gloves)
Will    .....                    (no boots) Stlth
                                 (no amulet)
HPRegen 0.25/turn                (no ring)
MPRegen 0.08/turn                (no ring)

@: confused, lethally poisoned (-1 -> -11), flying
A: no striking features
a: no special abilities


You were on level 2 of the Dungeon.
You visited 1 branch of the dungeon, and saw 2 of its levels.

You collected 39 gold pieces.

Inventory:

Hand Weapons
 a - a +0 war axe (weapon)
Armour
 b - a +0 scale mail (worn)
 c - a +0 buckler (worn)
Jewellery
 h - a ring of wizardry
 j - an amulet of reflection
Scrolls
 f - a scroll of identify {unknown}
 g - a scroll of vulnerability {unknown}
 i - a scroll of blinking {unknown}
 k - a scroll of immolation {unknown}
Potions
 d - a potion of might


   Skills:
 + Level 4.1 Fighting
 + Level 3.3 Axes
 + Level 3.7 Armour
 + Level 3.7 Shields


You had 2 spell levels left.
You didn't know any spells.
Your spell library was empty.

Dungeon Overview and Level Annotations

Branches:
Dungeon (2/15)

Altars:

Shops:
D:1 :

Annotations:
D:2 Sigmund, Terence


Message History

Found 6 gold pieces and 4 javelins.
There is a stone staircase leading up here.
You slash Sigmund!
Sigmund is moderately wounded.
You block Sigmund's attack.
You slash Sigmund!
Sigmund is heavily wounded.
Sigmund barely misses you.
You closely miss Sigmund.
Sigmund is heavily wounded.
Sigmund hits you with a +6 scythe of venom!
You hit Sigmund.
Sigmund is severely wounded.
Sigmund points at you and mumbles some strange words.
You resist with significant effort.
You barely miss Sigmund.
Sigmund is severely wounded.
Sigmund casts a spell.
Sigmund flickers and vanishes!
Deactivating autopickup; reactivate with Ctrl-A.
You hit something. You hit Terence but do no damage.
You block Terence's attack.
You hear some strange, mumbled words.
You are confused.
Terence hits you with a +0 mace.
You miss something. You closely miss Terence. Something hits you.
You are poisoned.
A kobold comes into view. It is wielding a +0 dagger.
Terence hits you but does no damage. Terence attacks as you move away!
Terence hits you with a +0 mace. Something hits you!
* * * LOW HITPOINT WARNING * * *
An endoplasm comes into view.
* * * LOW HITPOINT WARNING * * *
You feel very sick.
The endoplasm quivers.
It was a potion of flight.
You feel very buoyant.
You fly up into the air.
You die...

#.# #.. .....
#.# ..(..# #.#
...... #.#
...#.##.#
#...$#.#
##......#
.#.....@@######
.K.....<......J.
.#.....{..#####.
##........#
##.......#
##.##...# ##
#...# ....# .#.#


You could see Terence, an endoplasm and a kobold.

Vanquished Creatures
  2 bats (D:1)
  4 endoplasms (D:1)
  2 giant cockroaches (D:1)
  6 goblins (D:1)
  3 hobgoblins (D:1)
  3 jackals (D:1)
  A quokka (D:1)
  4 ball pythons (D:1)
  A frilled lizard (D:1)
  5 kobolds (D:1)
  5 rats (D:1)
36 creatures vanquished.

Notes
Turn   | Place    | Note
-------+----------+-------------------------------------------
     0 | D:1      | Ihaveafatcat the Hill Orc Fighter began the quest for the
                  | Orb.
     0 | D:1      | Reached XP level 1. HP: 19/19 MP: 1/1
    71 | D:1      | Reached XP level 2. HP: 17/27 MP: 2/2
   258 | D:1      | Found a faded altar of an unknown god.
   383 | D:1      | Reached skill level 4 in Fighting
   383 | D:1      | Reached XP level 3. HP: 28/33 MP: 3/3
   677 | D:1      | Found Iroruhai's Book Boutique.
   877 | D:2      | Noticed Terence
   877 | D:2      | Noticed Sigmund
   885 | D:2      | HP: 1/33 [poisoned by Sigmund]
   886 | D:2      | Succumbed to Sigmund's poison

Illustrated notes

Levels and vault maps discovered:
D:1:      eino_arrival_tree_alley, layout_loops_ring, serial_shops,
          nicolae_shop_behind_doors, dilly_ecumenical_altar_fadedgnrine,
          minmay_misc_feat_plants, st_stairs_10, chequers_mini_garden
D:2:      layout_loops_ring, basic_altar, chequers_serial_rivers_micro_e,
          wad_orctagon, uniq_robin, uniq_terence, uniq_sigmund

Skill      XL: |  1  2 |
---------------+-------+-----
Axes           | 3 |  3.3
Fighting       | 4 |  4.1
Armour         | |  3.7
Shields        | |  3.7

Action                     || total
---------------------------++-------
  Melee: War axe           ||    90
    Use: Potion            ||     1
 Armour: Scale mail        ||    39
  Dodge: Dodged            ||    41
  Block: Buckler           ||    20

Table legend: (Time is in decaauts)
 A = Elapsed time spent in this place.
 B = Non-inter-level travel time spent in this place.
 C = Inter-level travel time spent in this place.
 D = Time resting spent in this place.
 E = Time spent auto-exploring this place.
 F = Levels seen in this place.
 G = Mean time per level.
                   A        B        C        D        E       F      G
               +--------+--------+--------+--------+--------+-----+--------+
         Total |    920 |    850 |     70 |      0 |    591 |   2 |  460.0 |
       Dungeon |    920 |    850 |     70 |      0 |    591 |   2 |  460.0 |
               +--------+--------+--------+--------+--------+-----+--------+

Top non-repeatable levels by time:
     D:1: 909 daAuts
     D:2: 11 daAuts
